 Dungeon Crawl Stone Soup version 0.15-a0-1646-g393eda0 (webtiles) character file.

91 Nikss the Ruinous (level 4, -9/33 HPs)
             Began as a Draconian Conjurer on June 22, 2014.
             Mangled by a phantom (10 damage)
             ... on Level 3 of the Dungeon.
             The game lasted 00:25:01 (3131 turns).

Nikss the Ruinous (Draconian Conjurer)              Turns: 3131, Time: 00:25:01

HP  -9/33        AC  7     Str 10      XL: 4   Next: 34%
MP   8/8         EV 12     Int 16      God:
Gold 134         SH  0     Dex 12      Spells:  1 memorised,  6 levels left

rFire  . . .     SeeInvis .     d - +2 club
rCold  . . .     Clarity  .     (armour unavailable)
rNeg   . . .     rCorr    .     (no shield)
rPois  .         rRot     .     (helmet restricted)
rElec  .         Spirit   .     (no cloak)
SustAb .         Warding  .     k - +1 pair of gloves
rMut   .         Stasis   .     (no boots)
Gourm  .                        (no amulet)
MR     .....                    (no ring)
                                (no ring)

@: not resistant to hostile enchantments, unstealthy
A: unfitting armour, cold-blooded, AC +5
a: no special abilities


You were on level 3 of the Dungeon.
You were not hungry.

You visited 1 branch of the dungeon, and saw 3 of its levels.

You collected 134 gold pieces.

Inventory:

Hand weapons
 d - a +2 club (weapon)
 h - a +0 club
 l - a +0 club
 n - a +0 hand axe
 o - a +0 dagger
 q - a +0 whip
 s - a +0 whip
 t - a +0 dagger
 u - a +0 club
 x - a +0 dagger of speed
 y - a +1 falchion of protection
 A - a cursed +0 short sword
 D - a +0 dagger
Missiles
 g - 110 stones (quivered)
 j - 55 sling bullets
 v - 19 arrows
 w - 23 bolts
Armour
 a - a +0 leather armour
 e - a +0 scale mail
 k - a +1 pair of gloves (worn)
Magical devices
 r - a wand of polymorph (16)
Comestibles
 b - 3 bread rations
 f - a beef jerky
 z - a slice of pizza
 C - a meat ration
Scrolls
 m - a scroll of teleportation
 B - 2 scrolls of identify
 E - a scroll of recharging {unknown}
Potions
 i - a potion of agility
 p - a potion of haste
Books
 c - a book of Conjurations

   Spells                             Type                      Level
   *Magic Dart                        Conjuration                  1
   Searing Ray                        Conjuration                  2
   Dazzling Spray                     Conjuration/Hexes            3
   Fulminant Prism                    Conjuration/Hexes            4
   Iskenderun's Mystic Blast          Conjuration                  4
   Iskenderun's Battlesphere          Conjuration/Charms           5


   Skills:
 + Level 0.4 Maces & Flails
 + Level 2.1 Dodging
 + Level 2.3 Stealth
 + Level 2.4 Spellcasting
 + Level 5.1 Conjurations


You had 6 spell levels left.
You knew the following spells:

 Your Spells              Type           Power        Failure   Level  Hunger
a - Magic Dart            Conj           ###.         2%          1    #......


Dungeon Overview and Level Annotations

Branches:
Dungeon (3/15)

Altars:
Ashenzari
Dithmenos


Innate Abilities, Weirdness & Mutations

Your plain brown scales are hard (AC +5).
Your body does not fit into most forms of armour.
Your cold-blooded metabolism reacts poorly to cold.


Message History

The orc misses you. The orc closely misses you. The orc completely misses you.
The phantom blinks!
The orc hits you with a dagger.
You barely miss the orc.
The orc is lightly wounded.
The orc misses you. The orc barely misses you.
You hit the orc.
The orc is heavily wounded.
The orc misses you. The orc barely misses you. The orc closely misses you.
You hit the orc but do no damage.
The orc is heavily wounded.
The orc hits you but does no damage. The orc hits you with a dagger.
The orc hits you with a flail.
* * * LOW HITPOINT WARNING * * *
You hit the orc. You tail-slap the orc.
You kill the orc!
The orc hits you with a flail.
* * * LOW HITPOINT WARNING * * *
The phantom hits you!
You die...

#.# *,*≈***≈≈
#.# *,***,***
#.# **..,,,,,,
#.####...,,,,,,
#.#....#****,,,
#####...##**
****
##...#....##
##..).......##
#...@o)......#
#....W.......#
#........(...#
##..!.......##
##...##...##
#####*####


You could see a phantom and an orc.

Vanquished Creatures
  An adder (D:2)
  A giant mite (D:1)
  3 worms
  2 giant geckos (D:2)
  An orc (D:3)
  A giant cockroach (D:1)
  3 hobgoblins
  5 kobolds
  A ball python (D:2)
  2 bats
  3 giant newts
  8 goblins
  35 rats
66 creatures vanquished.

Notes
Turn   | Place    | Note
--------------------------------------------------------------
     0 | D:1      | Nikss, the Draconian Conjurer, began the quest for the Orb.
     0 | D:1      | Reached XP level 1. HP: 14/14 MP: 3/3
   699 | D:1      | Reached XP level 2. HP: 2/20 MP: 0/4
   701 | D:1      | HP: 1/20 [poisoned by a giant mite]
  1515 | D:2      | Found a shadowy altar of Dithmenos.
  1523 | D:2      | Reached XP level 3. HP: 13/26 MP: 1/6
  2299 | D:2      | Reached skill level 5 in Conjurations
  2509 | D:2      | Reached XP level 4. HP: 27/33 MP: 1/7
  3046 | D:3      | Noticed a phantom
  3081 | D:3      | Found a shattered altar of Ashenzari.
  3131 | D:3      | HP: 1/33 [orc/flail (3)]
  3131 | D:3      | Mangled by a phantom

Action                   |  1- 3 |  4- 6 || total
-------------------------+-------+-------++-------
Melee: Club              |    57 |    22 ||    79
       Unarmed           |     2 |       ||     2
Throw: Stone             |    24 |       ||    24
 Cast: Magic Dart        |    64 |    23 ||    87
  Use: Potion            |     3 |       ||     3
       Scroll            |     5 |     4 ||     9
